 Dungeon Crawl Stone Soup version 0.31-a0-460-g9e667d4245 (webtiles) character file.

Game seed: 4965358501747539451

353547 Xavori the Spry (level 23, -25/163 (170) HPs)
             Began as a Djinni Chaos Knight on Aug 4, 2023.
             Was a Favourite Plaything of Xom.
             Killed from afar by an ironbound frostheart (31 damage)
             ... by creeping frost
             ... on level 4 of the Vaults.
             The game lasted 01:21:02 (48747 turns).

Xavori the Spry (Djinni Chaos Knight)              Turns: 48747, Time: 01:21:03

HP:   -25/163 (170) AC: 27    Str: 16 (17) XL:     23   Next: 30%
Gold: 4471          EV: 24    Int: 23 (24) God:    Xom [*.....] SH: 16 Dex: 21

rFire   + . .        a - +9 double sword (spect)
rCold   . . .        E - +3 warlock's mirror {omnireflect}
rNeg    + + .        n - +7 ring mail of Midwinter {Slay+3}
rPois   ∞            o - +2 hat {Will+}
rElec   +            B - +0 cloak "Diagos" {rF- Int+5 Dex+2 Slay+6}
rCorr   .            N - +2 pair of gloves
SInv    +            (boots unavailable)
Will    +++++        K - amulet "Boni" {Spirit rN++ Str-2 Dex+5}
Stlth   +            I - +4 ring of slaying
HPRegen 1.27/turn    D - ring "Awaitoto" {rC+ Int+3 SInv}
MPRegen 0.00/turn

%: reflection, clarity, guardian spirit, infuse magic (-26 HP)
@: flying, slowed, studying 2 skills, lightly drained, very slow
A: sickness immunity, fire resistance 2, cold vulnerability 1, float, innate
caster, HP casting, extra vitality 1, beak, claws 1, iridescent scales 3, large
bone plates 1, clarity, deterioration 1, strong-willed 2, mutation resistance 1,
sense surroundings 1, regeneration 1, screaming 1, electricity resistance, wild
magic 1
}: 2/15 runes: barnacled, gossamer
a: Renounce Religion


You were on level 4 of the Vaults.
You worshipped Xom.
You were a special plaything of Xom.
You visited 7 branches of the dungeon, and saw 37 of its levels.
You visited the Abyss 1 time.
You also visited: Trove, Ossuary, Gauntlet and Ice Cave.

You collected 6196 gold pieces.
You spent 1725 gold pieces at shops.

Inventory:

Hand Weapons
 a - a +9 spectral double sword (weapon)
 R - the +12 pair of quick blades "Gyre" and "Gimble" {protect}
   (You found it on level 1 of the Lair of Beasts)
Missiles
 A - a throwing net
Armour
 n - the +7 ring mail of Midwinter (worn) {Slay+3}
   (You found it on level 5 of the Dungeon)

   Slay:      It affects your accuracy & damage with ranged weapons and melee
   (+3).
 o - a +2 hat of willpower (worn)
 u - the +0 pair of gloves of Syndicalism {rElec rPois Int+5}
   (You found it on level 4 of the Dungeon)

   Int:       It affects your intelligence (+5).
   rElec:     It insulates you from electricity.
   rPois:     It protects you from poison.
 B - the +0 cloak "Diagos" (worn) {rF- Int+5 Dex+2 Slay+6}
   (You acquired it on level 10 of the Dungeon)

   Int:       It affects your intelligence (+5).
   Dex:       It affects your dexterity (+2).
   Slay:      It affects your accuracy & damage with ranged weapons and melee
   (+6).
   rF:        It makes you vulnerable to fire.
 E - the +3 warlock's mirror (worn) {omnireflect}
   (You acquired it on level 1 of the Lair of Beasts)

   Omnireflect: It can block and reflect piercing ranged attacks and magical
   attacks against the wielder's willpower.
 N - a +2 pair of gloves (worn)
 Q - a +2 hat of see invisible
 X - a +1 kite shield of cold resistance
 Z - the +4 cloak of the Equinox {Stlth+}
   (You found it on level 4 of the Lair of Beasts)

   Stlth:     It makes you more stealthy.
Jewellery
 f - the ring "Xegryl" {rC+ Str+3}
   (You found it on level 14 of the Dungeon)

   [ring of protection from cold]

   Str:       It affects your strength (+3).
   rC:        It protects you from cold.
 r - the amulet "Toagir" {Reflect +Inv Will- Regen+ SH+5}
   (You bought it in a shop on level 2 of the Orcish Mines)

   [amulet of reflection]

   It reflects blocked missile attacks.
   +Inv:      It lets you turn invisible.
   Regen:     It increases your rate of health regeneration.
   SH:        It affects your SH (+5).
   Will:      It decreases your willpower.
 y - the ring of Raintaib {Contam Will+ rCorr Dex+2}
   (You found it on level 14 of the Dungeon)

   [ring of resist corrosion]

   Dex:       It affects your dexterity (+2).
   Contam:    It causes magical contamination when unequipped.
   rCorr:     It protects you from acid and corrosion.
   Will:      It increases your willpower.
 D - the ring "Awaitoto" (right hand) {rC+ Int+3 SInv}
   (Xom gifted it to you on level 15 of the Dungeon)

   [ring of see invisible]

   Int:       It affects your intelligence (+3).
   rC:        It protects you from cold.
   SInv:      It lets you see invisible.
 I - a +4 ring of slaying (left hand)
 K - the amulet "Boni" (around neck) {Spirit rN++ Str-2 Dex+5}
   (You found it in a Gauntlet)

   [amulet of guardian spirit]

   It causes incoming damage to be divided between your reserves of health and
   magic.
   Str:       It affects your strength (-2).
   Dex:       It affects your dexterity (+5).
   rN:        It greatly protects you from negative energy.
 O - the amulet "Juyhoz" {Reflect Harm Drain Fly rN++ SH+5}
   (You found it on level 2 of the Vaults)

   [amulet of reflection]

   It reflects blocked missile attacks.
   rN:        It greatly protects you from negative energy.
   Fly:       It grants you flight.
   Drain:     It drains your maximum health when unequipped.
   SH:        It affects your SH (+5).
   Harm:      It increases damage dealt and taken.
Wands
 b - a wand of digging (9)
 t - a wand of light (25)
 v - a wand of iceblast (33)
 L - a wand of flame (44)
Scrolls
 c - a scroll of butterflies
 h - 3 scrolls of brand weapon
 m - 9 scrolls of blinking
 p - 7 scrolls of fog
 s - 6 scrolls of immolation
 w - a scroll of fear
 x - 17 scrolls of teleportation
 z - 3 scrolls of enchant weapon
 F - 4 scrolls of summoning
 P - 3 scrolls of poison
 S - 7 scrolls of revelation
 T - 9 scrolls of enchant armour
 Y - 3 scrolls of silence
Potions
 d - 10 potions of brilliance
 g - 20 potions of curing
 j - 2 potions of resistance
 k - 6 potions of heal wounds
 l - 7 potions of might
 q - 7 potions of enlightenment
 C - 3 potions of invisibility
 G - 6 potions of haste
 H - 2 potions of cancellation
 J - 6 potions of mutation
 U - a potion of berserk rage
 V - 6 potions of ambrosia
Miscellaneous
 e - a phial of floods
 i - a lightning rod (4/4)
 M - a phantom mirror


   Skills:
 + Level 16.5 Fighting
 + Level 2.8(12.3) Short Blades
 + Level 18.2(18.3) Long Blades
 + Level 11.1 Armour
 * Level 19.8 Dodging
 - Level 1.3 Stealth
 + Level 15.9 Shields
 + Level 0.8 Unarmed Combat
 * Level 12.3 Spellcasting
 * Level 12.3 Conjurations
 * Level 12.3 Hexes
 * Level 12.3 Summonings
 * Level 12.3 Necromancy
 * Level 12.3 Translocations
 * Level 12.3 Transmutations
 * Level 12.3 Fire Magic
 * Level 12.3 Ice Magic
 * Level 12.3 Air Magic
 * Level 12.3 Earth Magic
 * Level 12.3 Poison Magic
 - Level 11.2 Evocations


You knew the following spells:

 Your Spells              Type           Power      Damage    Failure   Level
a - Foxfire               Conj/Fire      100%       2x1d9     1%          1
b - Scorch                Fire           100%       2d9       1%          2
c - Call Imp              Summ           100%       N/A       1%          2
d - Fulminant Prism       Conj/Hex       37%        3d18      1%          4
e - Leda's Liquefaction   Hex/Erth       37%        N/A       1%          4
f - Metabolic Englaciati  Hex/Ice        37%        N/A       3%          5
g - Leda's Unmaking       Conj/Erth      37%        9d7       13%         6
h - Dispersal             Tloc           37%        N/A       13%         6
i - Haunt                 Necr/Summ      37%        N/A       50%         7
j - Maxwell's Capacitive  Air            37%        ∞         99%         8
k - Summon Hydra          Summ           37%        N/A       50%         7
Your spell library was empty.

Dungeon Overview and Level Annotations

Branches:
Dungeon (15/15)            Temple (0/1) D:4            Lair (5/5) D:8
 Shoals (4/4) Lair:3       Spider (4/4) Lair:2        Slime (0/5) Lair:4
    Orc (2/2) D:9             Elf (0/3) Orc:2        Vaults (4/5) D:13
  Crypt (3/3) Vaults:3       Tomb (0/3) Crypt:3      Depths (0/4) D:15
Ossuary (visited)           IceCv (visited)         Gauntlet (visited)

Altars:
Ashenzari
Elyvilon
Hepliaklqana
Makhleb
Okawaru
Trog
Uskayaw
Xom

Shops:
D:7 =   Orc:2 *[=[(   Shoals:4 [?=   Vaults:1 !   Vaults:2 (:   Vaults:3 *

Annotations:
D:2 Natasha
Spider:1 2 transporters, Beumoczol's ghost, journeyman KoDe


Innate Abilities, Weirdness & Mutations

You are immune to sickness and miasma.
You are immune to poison.
Your flesh is very heat resistant. (rF++)
You are vulnerable to cold. (rC-)
You float through the air rather than walking.
You learn spells naturally, not from books.
Your magical power is your life essence.
You have superior vitality. (+4 MHP)
You have a beak for a mouth.
You have sharp fingernails.
You are completely covered in iridescent scales. (AC +6)
You are partially covered in large bone plates. (SH +4)
You possess an exceptional clarity of mind.
Your body sometimes deteriorates upon taking damage.
You are highly strong-willed. (Will++)
You are somewhat resistant to further mutation.
You passively map a small area around you.
Your natural rate of healing is unusually fast.
You occasionally shout uncontrollably at your foes.
You are resistant to electric shocks. (rElec)
Your spells are a little harder to cast, but a little more powerful.


Message History

"Suffer!"
You partially resist.
You feel drained.
Unknown command.
Unknown command.
You slash the vault warden!
You peck the vault warden, but do no damage.
The vault warden is lightly wounded.
You are engulfed in seething chaos.
You feel very mighty all of a sudden.
The ironbound frostheart calls freezing cold from the walls.
The frost grips you!!
You are encased in ice.
The deep troll barely misses you.
The deep troll claws you but does no damage.
You block the deep troll's attack.
The vault warden hits you with a +0 great sword!!
* * * LOW HITPOINT WARNING * * *
Your limbs are stiffening.
Unknown command.
Unknown command.
Unknown command.
Unknown command.
You feel limber!
Your magical effects are unravelling.
You feel magically purged.
You are engulfed in seething chaos.
You feel yourself slow down.
You feel a little less mighty now.
You feel a little less agile now. The ice encasing you melts away.
The vault warden hits you with a +0 great sword!
* * * LOW HITPOINT WARNING * * *
The deep troll misses you. The deep troll barely misses you.
The deep troll claws you but does no damage.
The vault warden hits you with a +0 great sword!!
* * * LOW HITPOINT WARNING * * *
Xom roars with laughter!
Your body deteriorates!
You feel weakened.
The ironbound frostheart calls freezing cold from the walls.
The frost grips you!!
You die...
Xom is highly amused!

, #..'..#(# ,
,,
#..##'###*,,
#.###.#, , ,
#.#.#.# *
#.'.#### ,* ,
#.###..##+#. ,
#........?.. ,
* *
#####+#######
,
,#....Tp@T.p.#
,
#.#########⌠#
* * ,,, * * *
, * , * * * ,
, , *


You could see a vault warden (invisible), an ironbound frostheart and 2 deep
trolls.

Vanquished Creatures
  Bai Suzhen (Crypt:3)
  The ghost of HallandMoats the Demonic Cataclysm, an adept DsFi of Qazlal (Vaults:2)
  The ghost of Yhaurph the Hoplite, an adept MiFi of Okawaru (Vaults:3)
  2 bone dragons (Crypt:3)
  A shard shrike skeleton (Crypt:2)
  3 liches
  A titan (Vaults:2)
  Polyphemus (Shoals:3)
  A kraken (Shoals:2)
  2 sphinxes
  10 ancient champions
  A shadow dragon (Vaults:3)
  A tengu reaver (Vaults:1)
  2 revenants
  3 fire giants
  2 frost giants (D:15)
  14 vault wardens
  3 emperor scorpions (Spider:4)
  3 orc warlords
  A curse skull (Crypt:1)
  6 ghost moths
  A reaper (Crypt:3)
  8 ghouls
  12 ironbound preservers
  3 ironbound thunderhulks (Vaults:3)
  A juggernaut skeleton (Crypt:3)
  6 caustic shrike skeletons (Crypt:3)
  4 war gargoyles
  3 formless jellyfish
  A deep elf demonologist (Vaults:2)
  A deep elf annihilator (D:15)
  4 vampire knights
  3 spark wasps
  5 dire elephants
  A white draconian (IceCv)
  4 ettins
  6 merfolk javelineers
  4 eidola
  An entropy weaver (shapeshifter) (D:13)
  Snorg (D:14)
  11 jiangshi
  4 entropy weavers
  13 merfolk impalers
  8 yaktaur captains
  4 great orbs of eyes
  3 fire dragons (D:15)
  12 vault guards
  2 rakshasas
  11 hydras
  A jorogumo (Spider:3)
  A hell beast (Gauntlet)
  2 ice dragons
  2 catoblepae
  3 ogre magi (D:15)
  2 spriggan skeletons
  6 ironbound frosthearts
  A peacekeeper (Vaults:2)
  2 radroaches
  7 dancing weapons (Spider:3)
  6 merfolk aquamancers
  2 satyrs
  5 demonic crawlers
  5 boulder beetles
  3 two-headed ogres
  23 centaur warriors
  4 tengu warriors
  6 death yaks
  7 vampire magi
  4 titan skeletons
  2 orc high priests
  A soul eater (Crypt:2)
  A sun moth (Spider:4)
  3 pharaoh ants
  5 skysharks
  3 shadow wraiths (Crypt:3)
  21 skeletal warriors
  34 deep trolls
  13 sea snakes
  5 orb spiders
  7 wizards
  2 bog bodies (Crypt:3)
  2 bunyip skeletons (Crypt:3)
  5 steelbarb worms
  A kraken simulacrum (Shoals:4)
  An orange crystal statue (Gauntlet)
  9 ironbound convokers
  2 flayed ghosts
  An anaconda skeleton (Crypt:3)
  6 orc knights
  9 deep elf pyromancers
  3 necromancers
  3 phantasmal warriors
  A deep elf archer (Orc:2)
  8 harpies
  4 orc sorcerers
  A deep elf zephyrmancer (Orc:2)
  12 wolf spiders
  4 lindwurms
  12 ugly things
  A salamander (Vaults:1)
  15 cyclopes
  24 manticores
  5 moths of wrath
  8 fauns
  17 elephants
  An iron dragon skeleton (Crypt:3)
  A naga mage (Vaults:1)
  An ice statue (IceCv)
  7 water nymphs (Shoals:4)
  5 black mambas
  A stone giant skeleton (Crypt:1)
  A fire giant skeleton (Crypt:1)
  7 merfolk sirens
  An eleionoma skeleton (Crypt:3)
  A dire elephant zombie (Crypt:2)
  A gargoyle (D:12)
  An alligator snapping turtle zombie (Crypt:1)
  2 torpor snails
  16 vault sentinels
  3 centaur skeletons
  9 cane toads
  A naga skeleton (Crypt:3)
  6 komodo dragons
  Maggie (D:7)
  2 efreet (D:15)
  2 unseen horrors (D:12)
  3 dire elephant skeletons
  4 kobold demonologists
  2 tengu conjurers
  5 freezing wraiths
  8 rime drakes
  28 yaktaurs
  A hydra zombie (Crypt:1)
  39 merfolk
  A purple draconian skeleton (Crypt:3)
  A harpy zombie (Crypt:1)
  A sea snake skeleton (Crypt:2)
  A troll (shapeshifter) (D:15)
  A merfolk (shapeshifter) (Vaults:2)
  8 trolls
  7 hornets
  8 wind drakes
  A queen bee (D:11)
  A meliai (D:15)
  A queen bee (shapeshifter) (D:12)
  2 harpy skeletons (Crypt:3)
  A mana viper zombie (Crypt:3)
  11 blink frogs
  3 polar bears
  11 dream sheep
  A hornet (shapeshifter) (D:15)
  A raiju (Spider:3)
  36 tarantellas
  10 snapping turtles
  23 slime creatures
  21 jumping spiders
  A shadow (D:11)
  12 wraiths
  A ynoxinul (Gauntlet)
  An ettin skeleton (Crypt:2)
  A fire dragon skeleton (Crypt:3)
  16 culicivoras
  8 water elementals
  8 basilisks
  55 yaks
  4 steam dragons
  7 humans (D:13)
  7 wyverns
  6 hogs
  A slime creature zombie (Crypt:3)
  10 vampire mosquitoes
  2 fire elementals (D:11)
  49 redbacks
  Menkaure (D:7)
  Edmund (D:4)
  3 wargs (Orc:2)
  A hell hound (Gauntlet)
  A glowing shapeshifter zombie (Vaults:3)
  11 water moccasins
  2 demonspawn skeletons
  Duvessa (D:7)
  An entropy weaver zombie (Vaults:3)
  A meliai simulacrum (D:15)
  41 orc warriors
  A manticore zombie (Crypt:1)
  A sky beast (D:8)
  2 ice beasts
  A boggart (D:15)
  2 black bears (D:8)
  8 ogres
  2 phantoms
  17 centaurs
  An ogre (shapeshifter) (D:15)
  10 wolves
  A dream sheep skeleton (Crypt:1)
  2 kobold brigands
  15 bullfrogs
  A necrophage (Crypt:3)
  4 scorpions
  31 wights
  Dowan (D:7)
  2 wyvern skeletons
  A ballistomycete (D:4)
  46 killer bees
  4 lindwurm simulacra (IceCv)
  3 howler monkeys
  A polar bear skeleton (Crypt:1)
  5 electric eels
  3 lava snakes (Lair:1)
  6 komodo dragon simulacra (IceCv)
  7 orc priests
  4 iron imps (Gauntlet)
  2 jellies
  2 gnoll boudas
  2 iguanas
  Jessica (D:2)
  15 orc wizards
  3 sleepcaps
  Natasha (D:2)
  A deep dwarf skeleton (Crypt:2)
  A hound skeleton (Crypt:1)
  8 mummies (Ossuary)
  9 gnolls
  5 acid dragon simulacra (IceCv)
  6 adders
  A shadow imp (D:5)
  A white imp (D:7)
  6 steam dragon simulacra (IceCv)
  An adder zombie (Crypt:3)
  3 dart slugs
  54 orcs
  9 ball pythons
  2 bats (D:1)
  3 endoplasms
  2 giant cockroaches
  A gnoll zombie (Ossuary)
  12 goblins
  5 hobgoblins
  4 quokkas
  3 frilled lizards
  2 hobgoblin zombies (Ossuary)
  A jackal zombie (Crypt:3)
  22 kobolds
  2 kobold zombies (Ossuary)
  4 orc zombies
  7 rats
  A rat zombie (D:4)
  2 river rat skeletons
  A ballistomycete spore (D:4)
  A tentacle (Shoals:4)
1492 creatures vanquished.

Vanquished Creatures (collateral kills)
  A ghoul (Crypt:1)
  An ironbound preserver (Vaults:3)
  A two-headed ogre (Orc:2)
  Sonja (Lair:3)
  A deep troll (Vaults:3)
  A deep elf pyromancer (D:12)
  An elephant (Lair:5)
  A gargoyle (D:10)
  A cane toad (Lair:5)
  A komodo dragon (Lair:1)
  2 yaktaurs (Vaults:3)
  A blink frog (Lair:5)
  2 slime creatures
  A shadow (D:12)
  A water elemental (D:12)
  7 yaks
  A human (D:13)
  A water moccasin (Lair:5)
  An ogre (D:4)
  4 electric eels (D:12)
  An orc wizard (D:11)
  An orc (D:11)
  A kobold (D:9)
34 creatures vanquished.

Vanquished Creatures (others)
  An ettin (Vaults:3)
  A vault guard (D:13)
  A skyshark (Shoals:1)
  A wizard (D:15)
  A manticore (D:15)
  An unseen horror (D:11)
  A tarantella (Spider:4)
  A yak (D:10)
  A water moccasin (Lair:3)
  A centaur (Lair:3)
  An orc priest (Orc:1)
  4 ballistomycete spores (D:4)
  3 fulminant prisms
  31 spectral weapons
  9 tentacles
58 creatures vanquished.

Grand Total: 1584 creatures vanquished

Notes
Turn   | Place    | Note
-------+----------+-------------------------------------------
     0 | D:1      | Xavori the Djinni Chaos Knight began the quest for the Orb.
     0 | D:1      | Reached XP level 1. HP: 20/20 MP: 0/0
    75 | D:1      | Found a faded altar of an unknown god.
    94 | D:1      | Reached XP level 2. HP: 24/25 MP: 0/0
   409 | D:1      | Reached XP level 3. HP: 30/30 MP: 0/0
   409 | D:1      | Learned a level 1 spell: Foxfire
   838 | D:1      | XOM: silly message
  1295 | D:1      | XOM: divination: magic mapping
  1414 | D:1      | XOM: silly message
  1427 | D:1      | XOM: divination: magic mapping
  2353 | D:1      | XOM: divination: magic mapping
  2787 | D:1      | XOM: cloud trail
  3404 | D:1      | XOM: god gift: silvery potion {god gift}
  3908 | D:1      | Gained mutation: Your natural rate of healing is unusually
                  | fast. [potion of mutation]
  3908 | D:1      | Gained mutation: Your spells are a little harder to cast,
                  | but a little more powerful. [potion of mutation]
  3908 | D:1      | Gained mutation: Your mind is acute. (Int +4, Str/Dex -1)
                  | [potion of mutation]
  4361 | D:1      | XOM: silly message
  4499 | D:1      | XOM: silly message
  4606 | D:1      | XOM: divination: magic mapping
  4689 | D:1      | XOM: cloud trail
  4832 | D:1      | XOM: silly message
  4878 | D:1      | XOM: cloud trail
  5491 | D:1      | XOM: silly message
  5498 | D:1      | XOM: silly message
  6261 | D:1      | XOM: divination: detect items
  6600 | D:1      | XOM: god gift: robe {god gift}
  7047 | D:1      | XOM: god gift: heavily jewelled robe {god gift}
  7047 | D:1      | Identified the +0 robe of Rotten Freedom {rN++ MP+9 Int-5}
                  | (Xom gifted it to you on level 1 of the Dungeon)
  7653 | D:1      | XOM: god gift: phial of floods
  7677 | D:1      | XOM: divination: detect creatures
  8762 | D:1      | XOM: scenery: create altars
  9062 | D:1      | XOM is BORED!
  9062 | D:1      | XOM: give mutations
  9062 | D:1      | Gained mutation: You are partially covered in iridescent
                  | scales. (AC +2) [Xom's mischief]
  9062 | D:1      | Gained mutation: You are mostly covered in iridescent
                  | scales. (AC +4) [Xom's mischief]
  9153 | D:1      | XOM: god gift: shortbow {god gift}
 10378 | D:1      | XOM: scenery: create altars
 10968 | D:1      | XOM: give mutation
 10968 | D:1      | Gained mutation: You have very sharp teeth. [Xom's grace]
 10989 | D:1      | Glimpsed the power of Zot.
 10998 | D:2      | Noticed Jessica
 10998 | D:2      | XOM: enchant monster (bad)
 11006 | D:2      | Killed Jessica
 11007 | D:2      | Reached XP level 4. HP: 35/35 MP: 0/0
 11038 | D:2      | XOM: silly message
 11129 | D:2      | Reached XP level 5. HP: 33/40 MP: 0/0
 11129 | D:2      | Learned a level 2 spell: Scorch
 11169 | D:2      | Noticed Natasha
 11170 | D:2      | XOM: smoke on damage
 11173 | D:2      | Killed Natasha
 11174 | D:2      | Reached skill level 1 in Spellcasting
 11174 | D:2      | Reached skill level 1 in Conjurations
 11174 | D:2      | Reached skill level 1 in Hexes
 11174 | D:2      | Reached skill level 1 in Summonings
 11174 | D:2      | Reached skill level 1 in Necromancy
 11174 | D:2      | Reached skill level 1 in Translocations
 11174 | D:2      | Reached skill level 1 in Transmutations
 11174 | D:2      | Reached skill level 1 in Fire Magic
 11174 | D:2      | Reached skill level 1 in Ice Magic
 11174 | D:2      | Reached skill level 1 in Air Magic
 11174 | D:2      | Reached skill level 1 in Earth Magic
 11174 | D:2      | Reached skill level 1 in Poison Magic
 11174 | D:2      | Reached skill level 1 in Evocations
 11192 | D:2      | XOM: silly message
 11250 | D:2      | Found a shimmering altar of Xom.
 11354 | D:2      | XOM: silly message
 11617 | D:2      | Noticed Natasha
 11798 | D:3      | Reached skill level 1 in Stealth
 11816 | D:3      | XOM: silly message
 11825 | D:3      | XOM: silly message
 11863 | D:3      | XOM: divination: magic mapping
 12038 | D:3      | Found a hazy altar of Hepliaklqana.
 12063 | D:3      | XOM: divination: magic mapping
 12414 | D:4      | XOM: god gift: cloak {god gift}
 12472 | D:4      | Noticed an ogre
 12472 | D:4      | XOM: cast spell 'Summon Horrible Things'
 12475 | D:4      | Killed an ogre
 12476 | D:4      | Reached XP level 6. HP: 46/46 MP: 0/0
 12537 | D:4      | Found a sand-covered staircase.
 12555 | Ossuary  | Entered an ossuary
 12616 | Ossuary  | XOM: potion effect (invisibility)
 12634 | Ossuary  | Reached XP level 7. HP: 48/50 MP: 0/0
 12634 | Ossuary  | Learned a level 2 spell: Call Imp
 12852 | D:4      | XOM: fog
 12858 | D:4      | Reached skill level 1 in Short Blades
 12872 | D:4      | XOM: confusion
 12907 | D:4      | Identified the +0 pair of gloves of Syndicalism {rElec
                  | rPois Int+5}
 12923 | D:4      | Reached skill level 3 in Dodging
 13040 | D:4      | Noticed Edmund
 13043 | D:4      | XOM: give mutations
 13043 | D:4      | Gained mutation: Your spells are harder to cast, but more
                  | powerful. [Xom's mischief]
 13043 | D:4      | Gained mutation: You are partially covered in large bone
                  | plates. (SH +4) [Xom's mischief]
 13050 | D:4      | Killed Edmund
 13051 | D:4      | Reached XP level 8. HP: 58/58 MP: 0/0
 13403 | D:4      | Found a staircase to the Ecumenical Temple.
 13674 | D:4      | XOM: give mutations
 13674 | D:4      | Lost mutation: You have very sharp teeth. [Xom's mischief]
 13674 | D:4      | Lost mutation: You are partially covered in large bone
                  | plates. (SH +4) [Xom's mischief]
 13702 | D:5      | Entered Level 5 of the Dungeon
 13752 | D:5      | XOM: fake destruction
 13781 | D:5      | XOM: silly message
 13839 | D:4      | XOM: cleaving
 13879 | D:5      | XOM: enchant monster (bad)
 13964 | D:5      | Reached skill level 5 in Long Blades
 14122 | D:5      | XOM: enchant monster (good)
 14206 | D:5      | Identified the +7 ring mail of Midwinter {Slay+3}
 14250 | D:5      | XOM: polymorph white imp -> shadow imp
 14358 | D:5      | XOM: 1-stop teleportation journey
 14430 | D:5      | Noticed a two-headed ogre
 14448 | D:5      | a two-headed ogre changed into a steelbarb worm
 14448 | D:5      | Noticed a steelbarb worm
 14448 | D:5      | XOM: polymorph two-headed ogre -> steelbarb worm
 14453 | D:5      | XOM: potion effect (heal wounds)
 14457 | D:5      | Killed a steelbarb worm
 14458 | D:5      | Reached XP level 9. HP: 53/63 MP: 0/0
 14458 | D:5      | Learned a level 4 spell: Fulminant Prism
 14463 | D:5      | Reached skill level 4 in Dodging
 14715 | D:6      | XOM: noise
 14722 | D:6      | XOM: cast spell 'Metabolic Englaciation'
 14751 | D:6      | XOM: noise
 14793 | D:6      | XOM: snakes to sticks
 14829 | D:6      | XOM: blink monster(s)
 15107 | D:6      | XOM: enchant monster (bad)
 15308 | D:7      | XOM: cast spell 'Olgreb's Toxic Radiance'
 15373 | D:7      | Noticed Maggie
 15375 | D:7      | Noticed Menkaure
 15392 | D:7      | Killed Menkaure
 15393 | D:7      | Reached XP level 10. HP: 69/69 MP: 0/0
 15403 | D:7      | Killed Maggie
 15404 | D:7      | Reached skill level 5 in Evocations
 15439 | D:7      | Noticed a komodo dragon
 15445 | D:7      | XOM: swap monsters
 15458 | D:7      | Killed a komodo dragon
 15459 | D:7      | Reached skill level 5 in Fighting
 15459 | D:7      | Reached skill level 5 in Dodging
 15535 | D:7      | Noticed Dowan
 15536 | D:7      | Noticed Duvessa
 15554 | D:7      | XOM: blink monster(s)
 15571 | D:6      | XOM: fog
 15584 | D:7      | XOM: god gift: silver javelin
 15601 | D:7      | Killed Duvessa
 15606 | D:7      | Killed Dowan
 15607 | D:7      | Reached skill level 5 in Armour
 15739 | D:7      | Found Felamiel's Jewellery Shop.
 15799 | D:7      | XOM: cast spell 'Dispersal'
 16334 | D:8      | XOM: enchant monster (good)
 16609 | D:8      | Found a staircase to the Lair.
 16618 | D:8      | XOM: cast spell 'Leda's Liquefaction'
 16845 | D:9      | XOM: stealth player
 16863 | D:9      | XOM: cleaving
 16966 | D:9      | XOM: summons 9 friendly demons
 16974 | D:9      | Reached XP level 11. HP: 65/76 MP: 0/0
 16974 | D:9      | Learned a level 4 spell: Leda's Liquefaction
 17012 | D:9      | Reached skill level 6 in Dodging
 17020 | D:9      | XOM: scenery: 1 doors open, 1 doors close
 17097 | D:9      | XOM: cloud trail
 17142 | D:9      | XOM: give mutations
 17142 | D:9      | Lost mutation: Your spells are harder to cast, but more
                  | powerful. [Xom's mischief]
 17142 | D:9      | Gained mutation: You are weak. (Str -2) [Xom's mischief]
 17142 | D:9      | Lost mutation: Your spells are a little harder to cast, but
                  | a little more powerful. [Xom's mischief]
 17452 | D:9      | Found a staircase to the Orcish Mines.
 17676 | D:9      | XOM: smoke on damage
 17722 | D:9      | XOM: scenery: 1 doors open
 17727 | D:9      | XOM: scenery: 1 doors close
 18074 | D:9      | XOM: polymorph cerulean imp -> crimson imp
 18146 | D:10     | Entered Level 10 of the Dungeon
 18196 | D:10     | XOM: enchant monster (good)
 18212 | D:10     | XOM: potion effect (curing)
 18213 | D:10     | XOM: cast spell 'Summon Ice Beast'
 18330 | D:10     | XOM: polymorph kobold -> hobgoblin
 18362 | D:10     | Found a broken altar of Ashenzari.
 18378 | D:10     | Noticed Josephine
 18378 | D:10     | XOM: summons 3 friendly demons
 18380 | D:10     | Josephine changed into Josephine the slime creature
 18380 | D:10     | Noticed Josephine
 18380 | D:10     | XOM: polymorph Josephine -> Josephine the slime creature
 18384 | D:10     | XOM: summons friendly white imp
 18390 | D:10     | Killed Josephine the slime creature
 18392 | D:10     | XOM: scenery: 3 fountains blood, 4 doors close
 18497 | D:10     | Identified a scroll of acquirement
 18497 | D:10     | Acquired the +0 cloak "Diagos" {rF- Int+5 Dex+2 Slay+6}
 18547 | D:10     | Found a white marble altar of Elyvilon.
 18783 | D:8      | XOM: summons 6 hostile demons
 18811 | Lair:1   | Entered Level 1 of the Lair of Beasts
 18855 | Lair:1   | XOM: scenery: 1 doors open
 18860 | Lair:1   | Reached skill level 10 in Long Blades
 19012 | Lair:1   | Reached skill level 7 in Dodging
 19027 | Lair:1   | XOM: summons friendly iron imp
 19030 | Lair:1   | XOM: draining
 19057 | Lair:1   | XOM: polymorph iron imp -> quasit
 19069 | Lair:1   | Reached XP level 12. HP: 75/79 MP: 0/0
 19120 | Lair:1   | XOM: polymorph yak -> culicivora
 19126 | Lair:1   | XOM: summons 1 hostile demon
 19297 | Lair:1   | Acquired the +3 warlock's mirror {omnireflect}
 19297 | Lair:1   | Found the +3 warlock's mirror {omnireflect}
 19399 | Lair:1   | Found the +12 pair of quick blades "Gyre" and "Gimble"
                  | {protect}
 19483 | Lair:1   | XOM: draining
 19785 | Lair:1   | XOM: summons 1 hostile demon
 20023 | Lair:2   | Reached skill level 1 in Shields
 20036 | Lair:2   | XOM: give mutations
 20036 | Lair:2   | Lost mutation: Your mind is acute. (Int +4, Str/Dex -1)
                  | [Xom's mischief]
 20036 | Lair:2   | Gained mutation: You are completely covered in iridescent
                  | scales. (AC +6) [Xom's mischief]
 20036 | Lair:2   | Gained mutation: You sometimes lose your temper in combat.
                  | [Xom's mischief]
 20064 | Lair:2   | XOM: torment (40/77 hp)
 20111 | Lair:2   | XOM: summons 8 friendly demons
 20125 | Lair:2   | XOM: silly message
 20127 | Lair:2   | Reached skill level 5 in Spellcasting
 20127 | Lair:2   | Reached skill level 5 in Conjurations
 20127 | Lair:2   | Reached skill level 5 in Hexes
 20127 | Lair:2   | Reached skill level 5 in Summonings
 20127 | Lair:2   | Reached skill level 5 in Necromancy
 20127 | Lair:2   | Reached skill level 5 in Translocations
 20127 | Lair:2   | Reached skill level 5 in Transmutations
 20127 | Lair:2   | Reached skill level 5 in Fire Magic
 20127 | Lair:2   | Reached skill level 5 in Ice Magic
 20127 | Lair:2   | Reached skill level 5 in Air Magic
 20127 | Lair:2   | Reached skill level 5 in Earth Magic
 20127 | Lair:2   | Reached skill level 5 in Poison Magic
 20162 | Lair:2   | XOM: blink monster(s)
 20191 | Lair:2   | Found a hole to the Spider Nest.
 20191 | Lair:2   | XOM: 2-stop teleportation journey
 20217 | Lair:2   | XOM: swap monsters
 20219 | Lair:2   | XOM: give mutation
 20219 | Lair:2   | Gained mutation: You occasionally shout uncontrollably at
                  | your foes. [Xom's mischief]
 20257 | Lair:2   | XOM: summons 4 hostile shadow creatures
 20258 | Lair:2   | Noticed a catoblepas
 20282 | Lair:2   | XOM: scenery: create altars
 20309 | Lair:2   | Lost mutation: You sometimes lose your temper in combat.
                  | [potion of mutation]
 20309 | Lair:2   | Lost mutation: You are completely covered in iridescent
                  | scales. (AC +6) [potion of mutation]
 20309 | Lair:2   | Gained mutation: You are completely covered in iridescent
                  | scales. (AC +6) [potion of mutation]
 20440 | Lair:2   | XOM: stat loss: -1 Int (24/25)
 20677 | Lair:3   | Found a gate leading to a gauntlet.
 20677 | Lair:3   | XOM: 1-stop teleportation journey
 20683 | Gauntlet | Entered a Gauntlet
 20683 | Gauntlet | Found a transporter.
 20692 | Gauntlet | Found a transporter.
 20694 | Gauntlet | Found a transporter.
 20695 | Gauntlet | Found a transporter.
 20704 | Gauntlet | Found a transporter.
 20706 | Gauntlet | Found a transporter.
 20707 | Gauntlet | Found a transporter.
 20715 | Gauntlet | Found a transporter.
 20715 | Gauntlet | Noticed a hell beast
 20718 | Gauntlet | Found a transporter.
 20719 | Gauntlet | Found a transporter.
 20730 | Gauntlet | Found a transporter.
 20730 | Gauntlet | Found a transporter.
 20731 | Gauntlet | Found a transporter.
 20735 | Gauntlet | Noticed a death yak
 20735 | Gauntlet | Noticed a death yak
 20736 | Gauntlet | Noticed a death yak
 20740 | Gauntlet | Found a transporter.
 20825 | Gauntlet | XOM: summons friendly crimson imp
 20884 | Gauntlet | XOM: give mutation
 20884 | Gauntlet | Gained mutation: Armour fits poorly on your strangely
                  | shaped body. [Xom's mischief]
 20916 | Gauntlet | Killed a hell beast
 20977 | Gauntlet | Identified the amulet "Boni" {Spirit rN++ Str-2 Dex+5}
 20984 | Gauntlet | Reached XP level 13. HP: 90/90 MP: 0/0
 20984 | Gauntlet | Learned a level 5 spell: Metabolic Englaciation
 21049 | Gauntlet | Noticed a minotaur
 21053 | Gauntlet | XOM: smoke on damage
 21061 | Gauntlet | XOM: confusion (+ monsters)
 21063 | Gauntlet | XOM: confusion (+ monsters)
 21064 | Gauntlet | XOM: butterfly on damage
 21065 | Gauntlet | HP: 3/90 [minotaur/+6 mace of protection (10)]
 21077 | Lair:3   | XOM: summons 3 hostile shadow creatures
 21079 | Lair:3   | HP: 2/90 [komodo dragon (13)]
 21367 | Lair:3   | Reached skill level 8 in Dodging
 21483 | Lair:3   | XOM: stat loss: -1 Int (24/25)
 21578 | Lair:3   | XOM: cast spell 'Call Canine Familiar'
 21581 | Lair:3   | XOM: summons friendly ufetubus
 21582 | Lair:3   | XOM: summons friendly shadow imp
 21587 | Lair:3   | XOM: cast spell 'Chain of Chaos'
 21604 | Lair:3   | Found a staircase to the Shoals.
 21604 | Lair:3   | Noticed Sonja
 21604 | Lair:3   | XOM: 1-stop teleportation journey
 21772 | Lair:3   | XOM: summons 13 friendly demons
 21803 | Lair:3   | XOM: scenery: 1 doors close
 21805 | Lair:3   | XOM: summons 13 friendly demons
 21807 | Lair:3   | Killed Sonja
 21845 | Lair:3   | XOM: divine lightning
 22018 | Lair:3   | XOM: noise
 22284 | Lair:4   | Reached skill level 5 in Shields
 22306 | Lair:4   | Found a staircase to the Slime Pits.
 22327 | Lair:4   | XOM: god gift: scroll of teleportation
 22338 | Lair:4   | Noticed a four-headed hydra
 22353 | Lair:4   | Killed a 12-headed hydra
 22574 | Lair:4   | Found a burning altar of Makhleb.
 22582 | Lair:4   | Identified the +4 cloak of the Equinox {Stlth+}
 22659 | Lair:4   | XOM: silly message
 22660 | Lair:4   | XOM: silly message
 22909 | Lair:4   | XOM: 8-stop teleportation journey
 23100 | Lair:5   | Entered Level 5 of the Lair of Beasts
 23136 | Lair:5   | XOM: smoke on damage
 23140 | Lair:5   | Reached XP level 14. HP: 81/99 MP: 0/0
 23154 | Lair:5   | XOM: snakes to sticks
 23314 | Lair:5   | XOM: destruction
 23432 | Lair:5   | Reached skill level 9 in Dodging
 23480 | Lair:5   | XOM: scenery: create altars
 23481 | Lair:5   | XOM: fog
 23549 | Lair:5   | XOM: summons 4 friendly demons
 23754 | Lair:5   | XOM: enchant monster (good)
 23789 | Lair:5   | XOM: enchant monster (good)
 23792 | Lair:5   | XOM: summons 11 friendly demons
 23795 | Lair:5   | Reached skill level 10 in Evocations
 23827 | Lair:5   | XOM: summons 13 friendly demons
 23886 | Lair:5   | Noticed a dire elephant
 23892 | Lair:5   | XOM: fog
 23902 | Lair:5   | XOM: enchant monster (good)
 23912 | Lair:5   | XOM: silly message
 24081 | Lair:5   | XOM: give mutations
 24081 | Lair:5   | Gained mutation: Your mind is acute. (Int +4, Str/Dex -1)
                  | [Xom's mischief]
 24081 | Lair:5   | Gained mutation: Your body sometimes deteriorates upon
                  | taking damage. [Xom's mischief]
 24160 | Lair:5   | XOM: confusion
 24186 | Lair:5   | Killed a dire elephant
 24442 | Orc:1    | Entered Level 1 of the Orcish Mines
 24631 | Orc:1    | XOM: give mutations
 24631 | Orc:1    | Lost mutation: Your mind is acute. (Int +4, Str/Dex -1)
                  | [Xom's mischief]
 24631 | Orc:1    | Gained mutation: Your spells are a little harder to cast,
                  | but a little more powerful. [Xom's mischief]
 24653 | Orc:2    | Entered Level 2 of the Orcish Mines
 24671 | Orc:2    | XOM: silly message
 24728 | Orc:2    | Found a staircase to the Elven Halls.
 24728 | Orc:2    | Found Dghosy's Desiderata Depot.
 24892 | Orc:1    | XOM: noise
 25135 | Orc:2    | XOM: potion effect (berserk rage)
 25175 | Orc:2    | Reached XP level 15. HP: 68/105 MP: 0/0
 25175 | Orc:2    | Learned a level 6 spell: Leda's Unmaking
 25347 | Orc:2    | XOM: blink monster(s)
 25447 | Orc:2    | Found Qoiptum's Jewellery Emporium.
 25447 | Orc:2    | Found Cinoum's Armour Shop.
 25447 | Orc:2    | Found Yleozeob's Antique Weapon Boutique.
 25450 | Orc:2    | Found Pihe's Antique Armour Shoppe.
 25454 | Orc:2    | Bought the amulet "Toagir" {Reflect +Inv Will- Regen+ SH+5}
                  | for 517 gold pieces
 25517 | Orc:2    | XOM: torment (54/106 hp)
 25563 | Orc:2    | XOM: confuse monster(s)
 25575 | Orc:2    | XOM: summons 13 friendly demons
 25580 | Orc:2    | XOM: summons 4 friendly demons
 25583 | Orc:2    | Noticed an orc warlord
 25607 | Orc:2    | XOM: polymorph ufetubus -> crimson imp
 25643 | Orc:2    | XOM: summons 2 friendly demons
 25644 | Orc:2    | XOM: cast spell 'Summon Small Mammal'
 25648 | Orc:2    | XOM: enchant monster (good)
 25658 | Orc:2    | Killed an orc warlord
 25661 | Orc:2    | XOM: divination: detect items
 25684 | Orc:2    | XOM: cast spell 'Alistair's Intoxication'
 25687 | Orc:2    | XOM: noise
 25697 | Orc:2    | Identified the +8 scimitar of the Desert {heavy, Will+
                  | Int+2}
 25984 | D:11     | XOM: divination: magic mapping
 26009 | D:11     | XOM: summons friendly crimson imp
 26198 | D:8      | XOM: scenery: 1 doors close
 26263 | D:11     | XOM: scenery: summon butterflies
 26277 | D:11     | XOM: scenery: summon butterflies
 26278 | D:11     | XOM: polymorph butterfly -> shapeshifter
 26405 | D:11     | XOM: god gift: 23 gold pieces
 26481 | D:11     | XOM: scenery: summon butterflies
 26492 | D:11     | XOM: fake destruction
 26494 | D:11     | XOM: destruction
 26530 | D:11     | Reached skill level 10 in Dodging
 26576 | D:11     | XOM: cleaving
 26767 | D:11     | XOM: summons 2 hostile shadow creatures
 26989 | D:11     | XOM: enchant monster (bad)
 26992 | D:11     | XOM: blink monster(s)
 27047 | D:11     | XOM: give mutation
 27047 | D:11     | Lost mutation: You are weak. (Str -2) [Xom's mischief]
 27084 | D:11     | Found a portal to a secret trove of treasure.
 27445 | D:12     | Reached skill level 10 in Fighting
 27721 | D:12     | XOM: polymorph manticore -> komodo dragon
 28085 | D:13     | XOM: swap monsters
 28190 | D:13     | XOM: 1-stop teleportation journey
 28192 | D:13     | XOM: noise
 28283 | D:13     | Reached XP level 16. HP: 104/113 MP: 0/0
 28376 | D:13     | XOM: destruction
 28380 | D:13     | XOM: polymorph human -> hog
 28396 | D:13     | XOM: summons friendly quasit
 28417 | D:13     | Found a gate to the Vaults.
 28479 | D:13     | XOM: summons friendly ufetubus
 28623 | D:13     | Found a frozen archway.
 28638 | D:13     | XOM: enchant monster (good)
 28665 | IceCv    | Entered an ice cave
 28933 | IceCv    | XOM: divination: detect items
 29201 | IceCv    | XOM: noise
 29688 | D:14     | Noticed Snorg
 29705 | D:14     | XOM: give mutations
 29705 | D:14     | Gained mutation: You are frail. (-10% HP) [Xom's mischief]
 29705 | D:14     | Lost mutation: You are completely covered in iridescent
                  | scales. (AC +6) [Xom's mischief]
 29708 | D:14     | XOM: swap monsters
 29714 | D:14     | Killed Snorg
 29761 | D:14     | XOM: 3-stop teleportation journey
 29818 | D:14     | Found a transporter.
 29954 | D:14     | XOM: 3-stop teleportation journey
 30099 | D:14     | Found a transporter.
 30176 | D:14     | XOM: torment (53/103 hp)
 30364 | D:14     | XOM: divination: detect creatures
 30440 | D:14     | Noticed a fire giant
 30455 | D:14     | Gained mutation: You are partially covered in large bone
                  | plates. (SH +4) [mutagenic glow]
 30464 | D:14     | Gained mutation: You are dopey. (Int -2) [mutagenic glow]
 30498 | D:14     | Killed a fire giant
 30521 | D:14     | XOM: cloud trail
 30556 | D:14     | Identified the ring "Xegryl" {rC+ Str+3}
 30567 | D:14     | Identified the ring of Raintaib {Contam Will+ rCorr Dex+2}
 30716 | D:15     | Entered Level 15 of the Dungeon
 30721 | D:15     | XOM: potion effect (might)
 30727 | D:15     | XOM: summons 2 friendly demons
 30728 | D:15     | XOM: potion effect (might)
 30730 | D:14     | XOM: silly message
 30858 | D:15     | Reached skill level 11 in Dodging
 30895 | D:15     | Found a shimmering altar of Xom.
 30895 | D:15     | Found a hide-covered altar of Uskayaw.
 30896 | D:15     | Found an iron altar of Okawaru.
 30934 | D:15     | XOM: silly message
 30993 | D:15     | XOM: potion effect (might)
 31019 | D:15     | Found a staircase to the Depths.
 31164 | D:15     | XOM: silly message
 31167 | D:15     | XOM: scenery: 1 doors open
 31175 | D:15     | Reached XP level 17. HP: 97/108 MP: 0/0
 31175 | D:15     | Learned a level 6 spell: Dispersal
 31213 | D:15     | Reached skill level 10 in Shields
 31298 | D:15     | Identified the +9 flail of Femenwuh {heavy, Drain Int+5
                  | Stlth+}
 31517 | D:15     | XOM: potion effect (invisibility)
 31597 | D:15     | XOM: noise
 31694 | D:11     | You paid a toll of +2 fire dragon scales to enter a
                  | treasure trove
 31695 | Trove    | Entered a treasure trove
 31740 | D:11     | Acquired a +2 double sword of electrocution
 31901 | D:15     | Identified the ring "Awaitoto" {rC+ Int+3 SInv} (Xom gifted
                  | it to you on level 15 of the Dungeon)
 31901 | D:15     | XOM: god gift: ring "Awaitoto" {rC+ Int+3 SInv}
 31931 | D:15     | XOM: enchant monster (bad)
 31971 | D:15     | XOM: give mutations
 31971 | D:15     | Gained mutation: You have a beak for a mouth. [Xom's grace]
 31971 | D:15     | Gained mutation: You passively map a small area around you.
                  | [Xom's grace]
 32002 | D:15     | XOM: confuse monster(s)
 32034 | D:15     | Noticed a sphinx
 32040 | D:15     | Killed a sphinx
 32155 | D:15     | XOM: divination: detect items
 32166 | D:15     | XOM: butterfly on damage
 32170 | D:15     | XOM: summons friendly crimson imp
 32340 | D:15     | XOM: scenery: create altars
 32402 | D:15     | XOM: summons friendly white imp
 32568 | D:15     | Identified the +2 quarterstaff "Anwisk" {flame, Fly rPois
                  | Dex-4 SInv}
 32852 | Shoals:1 | Entered Level 1 of the Shoals
 32859 | Shoals:1 | XOM: scenery: create altars
 32861 | Shoals:1 | Reached skill level 15 in Long Blades
 33070 | Shoals:1 | XOM: god gift: staff of poison
 33094 | Shoals:1 | XOM: destruction
 33107 | Shoals:1 | XOM: summons 16 friendly demons
 33196 | Shoals:1 | XOM: divination: magic mapping
 33417 | Shoals:1 | XOM: give mutations
 33417 | Shoals:1 | Lost mutation: You are dopey. (Int -2) [Xom's mischief]
 33417 | Shoals:1 | Gained mutation: You are weak. (Str -2) [Xom's mischief]
 33577 | Shoals:1 | XOM: 2-stop teleportation journey
 33598 | Shoals:1 | Reached XP level 18. HP: 117/117 MP: 0/0
 33853 | Shoals:2 | Acquired a manual of Dodging
 34098 | Shoals:2 | Reached skill level 12 in Dodging
 34134 | Shoals:2 | Noticed a kraken
 34144 | Shoals:2 | Killed a kraken
 34635 | Shoals:3 | XOM: confusion (+ monsters)
 34781 | Shoals:2 | XOM: stat loss: -1 Str (16/18)
 34868 | Shoals:3 | Noticed Polyphemus
 34903 | Shoals:3 | Killed Polyphemus
 35579 | Shoals:4 | Entered Level 4 of the Shoals
 35579 | Shoals:4 | Found Rekkair's Magic Scroll Shop.
 35724 | Shoals:4 | Noticed Kirke
 35763 | Shoals:4 | XOM: repel stairs
 35766 | Shoals:4 | Kirke changed into Kirke the hog
 35766 | Shoals:4 | Noticed Kirke
 35770 | Shoals:4 | Killed Kirke the hog
 35773 | Shoals:4 | XOM: summons 1 hostile demon
 35792 | Shoals:4 | XOM: confuse monster(s)
 35801 | Shoals:4 | Reached skill level 13 in Dodging
 35847 | Shoals:4 | XOM: summons friendly shadow imp
 35986 | Shoals:4 | XOM: snakes to sticks
 36024 | Shoals:4 | Found Vasutan's Armour Emporium.
 36325 | Shoals:4 | Bought 3 scrolls of teleportation for 198 gold pieces
 36325 | Shoals:4 | Bought a scroll of revelation for 165 gold pieces
 36325 | Shoals:4 | Bought a scroll of teleportation for 66 gold pieces
 36325 | Shoals:4 | Bought a scroll of teleportation for 66 gold pieces
 36505 | Shoals:4 | Found the +5 Lochaber axe {reach-cleave, Poleaxe Drain}
 36546 | Shoals:4 | Found Golol's Jewellery Shoppe.
 36589 | Shoals:4 | XOM: enchant monster (good)
 36596 | Shoals:4 | XOM: divination: detect items
 36618 | Shoals:4 | Reached XP level 19. HP: 31/124 MP: 0/0
 36618 | Shoals:4 | Learned a level 7 spell: Haunt
 36636 | Shoals:4 | XOM: cleaving
 36649 | Shoals:4 | XOM: enchant monster (good)
 36685 | Shoals:3 | XOM: god gift: 8 stones
 36710 | Shoals:4 | Reached skill level 14 in Dodging
 36816 | Shoals:4 | Got a barnacled rune of Zot
 37056 | Lair:3   | XOM: divination: detect items
 37157 | Spider:1 | Entered Level 1 of the Spider Nest
 37184 | Spider:1 | Found a transporter.
 37288 | Spider:1 | Found a transporter.
 37531 | Spider:1 | Noticed Beumoczol's ghost (journeyman KoDe)
 37746 | Spider:2 | XOM: god gift: staff of air
 38199 | Spider:2 | XOM: summons 5 hostile demons
 38696 | Spider:2 | XOM: silly message
 38838 | Spider:3 | XOM: smoke on damage
 38911 | Spider:3 | XOM: polymorph orb spider -> ice dragon
 38990 | Spider:3 | XOM: summons friendly ufetubus
 39119 | Spider:3 | XOM: scenery: create altars
 39210 | Spider:3 | XOM: polymorph tarantella -> raiju
 39243 | Spider:3 | XOM: give mutations
 39243 | Spider:3 | Lost mutation: You are frail. (-10% HP) [Xom's grace]
 39243 | Spider:3 | Lost mutation: You are weak. (Str -2) [Xom's grace]
 39263 | Spider:3 | Found a runed translucent door.
 39263 | Spider:3 | XOM: 4-stop teleportation journey
 39273 | Spider:3 | XOM: enchant monster (good)
 39561 | Spider:3 | XOM: cloud trail
 39574 | Spider:3 | Reached skill level 15 in Dodging
 39606 | Spider:3 | XOM: destruction
 39640 | Spider:4 | Entered Level 4 of the Spider Nest
 39679 | Spider:4 | Reached skill level 10 in Spellcasting
 39679 | Spider:4 | Reached skill level 10 in Conjurations
 39679 | Spider:4 | Reached skill level 10 in Hexes
 39679 | Spider:4 | Reached skill level 10 in Summonings
 39679 | Spider:4 | Reached skill level 10 in Necromancy
 39679 | Spider:4 | Reached skill level 10 in Translocations
 39679 | Spider:4 | Reached skill level 10 in Transmutations
 39679 | Spider:4 | Reached skill level 10 in Fire Magic
 39679 | Spider:4 | Reached skill level 10 in Ice Magic
 39679 | Spider:4 | Reached skill level 10 in Air Magic
 39679 | Spider:4 | Reached skill level 10 in Earth Magic
 39679 | Spider:4 | Reached skill level 10 in Poison Magic
 39758 | Spider:4 | XOM: 2-stop teleportation journey
 40021 | Spider:4 | XOM: blink monster(s)
 40049 | Spider:4 | Reached XP level 20. HP: 125/147 MP: 0/0
 40122 | Spider:4 | XOM: silly message
 40243 | Spider:4 | Got a gossamer rune of Zot
 40302 | Spider:4 | XOM: blink monster(s)
 40392 | Spider:4 | XOM: give mutations
 40392 | Spider:4 | Gained mutation: You have sharp fingernails. [Xom's
                  | mischief]
 40392 | Spider:4 | Gained mutation: Your spells are harder to cast, but more
                  | powerful. [Xom's mischief]
 40392 | Spider:4 | Lost mutation: Armour fits poorly on your strangely shaped
                  | body. [Xom's mischief]
 40637 | D:8      | XOM: noise
 40699 | Vaults:1 | Entered Level 1 of the Vaults
 40701 | Vaults:1 | XOM: draining
 40808 | Vaults:1 | Found Ilipen's Distillery.
 40815 | Vaults:1 | Reached skill level 16 in Dodging
 40829 | Vaults:1 | Bought a potion of heal wounds for 85 gold pieces
 40829 | Vaults:1 | Bought a potion of haste for 170 gold pieces
 40829 | Vaults:1 | Bought a potion of might for 68 gold pieces
 40829 | Vaults:1 | Bought a potion of curing for 51 gold pieces
 40829 | Vaults:1 | Bought a potion of cancellation for 136 gold pieces
 40829 | Vaults:1 | Bought a potion of curing for 51 gold pieces
 40914 | Vaults:1 | Identified the +0 robe of Curiosity {rF+}
 40927 | Vaults:1 | XOM: stat loss: -1 Dex (15/16)
 41277 | Vaults:1 | XOM: noise
 41282 | Vaults:1 | XOM: confusion
 41287 | Vaults:1 | XOM: enchant monster (bad)
 41371 | Vaults:1 | XOM: god gift: 780 gold pieces
 41632 | Vaults:2 | Found Zes Naof's Weapon Shoppe.
 41766 | Vaults:2 | Found Boqeuc's Book Boutique.
 41768 | Vaults:2 | XOM: 3-stop teleportation journey
 41852 | Vaults:2 | XOM: 2-stop teleportation journey
 41873 | Vaults:2 | Reached skill level 10 in Armour
 42088 | Vaults:2 | Identified the amulet "Juyhoz" {Reflect Harm Drain Fly rN++
                  | SH+5}
 42349 | Vaults:2 | XOM: scenery: summon butterflies
 42492 | Abyss:3  | Cast into level 3 of the Abyss (a wizard)
 42492 | Vaults:2 | Escaped the Abyss
 42492 | Vaults:2 | XOM: revert banishment
 42624 | Vaults:2 | XOM: god gift: pair of boots {god gift}
 42680 | Vaults:2 | XOM: give mutation
 42680 | Vaults:2 | Gained mutation: You are completely covered in iridescent
                  | scales. (AC +6) [Xom's grace]
 42704 | Vaults:2 | Found a runed translucent door.
 42705 | Vaults:2 | Noticed HallandMoats's ghost (adept DsFi)
 42749 | Vaults:2 | XOM: scenery: 1 doors close
 42815 | Vaults:2 | XOM: cleaving
 42823 | Vaults:2 | Killed HallandMoats's ghost
 42824 | Vaults:2 | Reached skill level 17 in Dodging
 43025 | Vaults:1 | XOM: polymorph ironbound convoker -> salamander
 43029 | Vaults:1 | XOM: confusion
 43033 | Vaults:1 | XOM: stat loss: -1 Dex (15/16)
 43040 | Vaults:1 | XOM: enchant monster (bad)
 43042 | Vaults:1 | XOM: give mutation
 43042 | Vaults:1 | Lost mutation: Your spells are harder to cast, but more
                  | powerful. [Xom's mischief]
 43220 | Vaults:1 | XOM: stat loss: -1 Str (19/20)
 43599 | Vaults:3 | XOM: swap monsters
 43625 | Vaults:3 | Reached XP level 21. HP: 131/154 MP: 0/0
 43625 | Vaults:3 | Learned a level 8 spell: Maxwell's Capacitive Coupling
 43634 | Vaults:3 | XOM: smoke on damage
 43647 | Vaults:3 | XOM: potion effect (might)
 43718 | Vaults:3 | XOM: silly message
 43725 | Vaults:3 | Found Tetoc's General Store.
 43744 | Vaults:3 | Bought a scroll of teleportation for 57 gold pieces
 43744 | Vaults:3 | Bought a potion of heal wounds for 95 gold pieces
 43827 | Vaults:3 | XOM: confusion (+ monsters)
 43838 | Vaults:3 | XOM: enchant monster (good)
 43848 | Vaults:3 | Reached skill level 15 in Fighting
 43924 | Vaults:3 | XOM: scenery: 2 doors open
 44059 | Vaults:3 | XOM: cast spell 'Summon Dragon'
 44178 | Vaults:3 | Found a staircase to the Crypt.
 44344 | Vaults:3 | XOM: noise
 44429 | Vaults:3 | XOM: silly message
 44512 | Vaults:3 | XOM: divination: detect creatures
 44517 | Vaults:3 | XOM: silly message
 44525 | Vaults:3 | XOM: noise
 44547 | Vaults:3 | XOM: cast spell 'Summon Small Mammal'
 44566 | Vaults:3 | XOM: polymorph white ugly thing -> red ugly thing
 44762 | Vaults:3 | Found a transporter.
 44766 | Vaults:3 | Found a bloodstained altar of Trog.
 44766 | Vaults:3 | Noticed Yhaurph's ghost (adept MiFi)
 44778 | Vaults:3 | Found a transporter.
 44865 | Vaults:3 | Reached skill level 18 in Dodging
 45068 | Vaults:3 | XOM: butterfly on damage
 45088 | Vaults:3 | XOM: cleaving
 45097 | Vaults:3 | XOM: divine lightning
 45100 | Vaults:3 | XOM: summons friendly iron imp
 45101 | Vaults:3 | Killed Yhaurph's ghost
 45111 | Vaults:3 | Reached XP level 22. HP: 133/162 MP: 0/0
 45196 | Crypt:1  | Entered Level 1 of the Crypt
 45242 | Crypt:1  | XOM: enchant monster (good)
 45262 | Crypt:1  | Paralysed by something for 5 turns
 45292 | Crypt:1  | XOM: cast spell 'Chain of Chaos'
 45403 | Crypt:1  | Reached skill level 15 in Shields
 45428 | Crypt:1  | XOM: butterfly on damage
 45445 | Crypt:1  | HP: 7/163 [jiangshi[a curse skull] (7)]
 45446 | Crypt:1  | XOM: divine lightning
 45450 | Crypt:1  | XOM: fake destruction
 45475 | Crypt:1  | XOM: 2-stop teleportation journey
 45613 | Crypt:1  | XOM: enchant monster (good)
 45726 | Crypt:1  | XOM: god gift: 4 curare-tipped darts
 45975 | Crypt:1  | XOM: give mutations
 45975 | Crypt:1  | Gained mutation: You are resistant to electric shocks.
                  | (rElec) [Xom's grace]
 45975 | Crypt:1  | Gained mutation: You are somewhat resistant to further
                  | mutation. [Xom's grace]
 46011 | Crypt:1  | XOM: cloud trail
 46026 | Crypt:1  | XOM: summons 14 friendly demons
 46028 | Crypt:1  | XOM: polymorph quasit -> lemure
 46145 | Crypt:1  | XOM: noise
 46433 | Crypt:2  | XOM: 1-stop teleportation journey
 46810 | Crypt:2  | XOM: noise
 46958 | Crypt:3  | Entered Level 3 of the Crypt
 46963 | Crypt:3  | XOM: silly message
 47077 | Crypt:3  | Found a staircase to the Tomb.
 47085 | Crypt:3  | XOM: confuse monster(s)
 47173 | Crypt:3  | XOM: enchant monster (good)
 47299 | Crypt:3  | Reached skill level 19 in Dodging
 47408 | Crypt:3  | Identified the +6 quarterstaff of the Enchanted Forest
                  | {protect, Drain Will+ Str+3 Int+3}
 47579 | Crypt:3  | XOM: cast spell 'Summon Cactus Giant'
 47652 | Crypt:3  | XOM: scenery: 3 doors close
 47702 | Crypt:3  | Noticed a bone dragon
 47709 | Crypt:3  | Killed a bone dragon
 47796 | Crypt:3  | Found the +8 demon blade "Leech" {evervamp, Harm Drain rN+}
 47817 | Crypt:3  | XOM: scenery: 4 doors open, 8 doors close
 47912 | Crypt:3  | Noticed Bai Suzhen
 47930 | Crypt:3  | Killed Bai Suzhen
 47931 | Crypt:3  | Reached XP level 23. HP: 155/170 MP: 0/0
 47931 | Crypt:3  | Learned a level 7 spell: Summon Hydra
 48120 | Crypt:3  | XOM: give mutations
 48120 | Crypt:3  | Gained mutation: You are strong-willed. (Will+) [Xom's
                  | grace]
 48120 | Crypt:3  | Gained mutation: You are highly strong-willed. (Will++)
                  | [Xom's grace]
 48120 | Crypt:3  | Gained mutation: You possess an exceptional clarity of
                  | mind. [Xom's grace]
 48620 | Vaults:4 | XOM: enchant monster (good)
 48728 | Vaults:4 | XOM: stat loss: -1 Int (23/24)
 48740 | Vaults:4 | XOM: enchant monster (bad)
 48742 | Vaults:4 | XOM: blink monster(s)
 48743 | Vaults:4 | XOM: chaos cloud
 48745 | Vaults:4 | XOM: draining
 48747 | Vaults:4 | HP: 6/163 [vault warden/+0 great sword (24)]
 48747 | Vaults:4 | Killed from afar by an ironbound frostheart

Illustrated notes

Levels and vault maps discovered:
D:1:      grunt_arrival_crossed_arrows, layout_loops_ring,
          ebering_ecumenical_altar_webs, minmay_misc_feat_x,
          minmay_misc_feat_tiny, serial_park_tiny_2, minmay_stone_trees_small,
          chequers_serial_rivers_marsh, minmay_tall_x
D:2:      layout_basic, basic_altar, nicolae_houndstooth_variations,
          uniq_natasha, uniq_jessica
D:3:      layout_basic, lemuel_tele_altar, chequers_serial_rivers_small_3,
          serial_bayou_lagoon_a
D:4:      layout_loops_corners, minmay_temple_entry_enclosed_plants,
          enter_ossuary_3, uniq_edmund
D:5:      layout_gridville, saegor_snake_ambush
D:6:      layout_cave_pools, kennysheep_generic_room_4
D:7:      layout_cave_pools, serial_shops, shop, wad_floor_pattern_2,
          uniq_menkaure, uniq_duvessa, uniq_maggie
D:8:      layout_layer_cave, grunt_lair_entry_orc_guard_hut
D:9:      nicolae_cairo_tiling_large, layout_grid_maze, orc_0_dummy
D:10:     layout_basic, evilmike_ruin_ashenzari, general_overflow_altar,
          hangedman_abyss_or_decor_stagger, uniq_josephine
D:11:     regret_index_tunnel_blossom, layout_layer_cave, enter_trove_3,
          minmay_misc_feat_roman, st_stairs_8,
          dilly_guarded_unrand_elemental_staff
D:12:     layout_roguey, serial_bayou, serial_bayou_lake_a, serial_bayou_pond_d,
          serial_bayou_crossing, serial_bayou_pond_e, kennysheep_generic_room_7
D:13:     layout_long_grid, ximxim_vaults_locker_room,
          portal_ice_cave_entry_animals_and_master
D:14:     gammafunk_its_a_trap, layout_loops_corners, uniq_snorg
D:15:     hangedman_slaughterboxes, serial_shops
Lair:1:   layout_regular_city, nicolae_lair_liquid_snakes
Lair:2:   layout_concentric_octagons, nicolae_spider_entry_tight_spaces,
          dreamdust_mushroom_princess, serial_bayou_shore_b
Lair:3:   layout_chaotic_city, minmay_shoals_entry_centaurs,
          gauntlet_entry_generic, chequers_serial_rivers_micro_b,
          chequers_serial_rivers_small_3, uniq_sonja
Lair:4:   layout_gridlike, slime_entry_1, basic_altar, dreamdust_gnoll_shepherd
Lair:5:   hangedman_lair_in_review, layout_misc_corridors
Shoals:1: layout_shoals, nicolae_shoals_wave_tunnel
Shoals:2: layout_shoals, nicolae_shoals_kraken_intersection
Shoals:3: layout_shoals, nicolae_shoals_lost_giant_temple, uniq_polyphemus
Shoals:4: shoals_end_grunt_ice, layout_shoals, serial_shops, shop, shop,
          nicolae_shop_just_a_little_nook, uniq_kirke
Spider:1: layout_spider_delve, gammafunk_ghost_mausoleum,
          spiders_nest_hornet_nest
Spider:2: layout_spider_delve
Spider:3: cheibrodos_spider_deadly_dance, hangedman_spider_tarantella_strand
Spider:4: spider_rune_water, drop_trap
Orc:1:    layout_caves
Orc:2:    st_orc_rangers, layout_caves, nicolae_alphabet_shops, elf_legates
Vaults:1: vaults_mumra_chevron_long, nicolae_vaults_bisected_slash,
          grunt_tower_of_power, vaults_dpeg_diagonal,
          nicolae_vaults_apartment_1, ontoclasm_vaults_decontamination,
          ontoclasm_vaults_twist, hangedman_vaults_capsules, vaults_room_fours,
          v_misc_23, grunt_vaults_twisty, layout_vaults_omnicross, serial_shops,
          nicolae_shop_industrial_runoff
Vaults:2: ebering_ghost_inner_flame, vaults_mumra_minichess,
          nicolae_vaults_diffraction_hallways, nicolae_vaults_diamond_1,
          nicolae_vaults_sesquioval_fish, layout_vaults_omnigrid, serial_shops,
          shop, nicolae_shop_stone
Vaults:3: gammafunk_ghost_wrathful_warriors, vaults_room_boxed, v_misc_4,
          nicolae_vaults_weapon_check, nicolae_vaults_what_the_h,
          nicolae_vaults_tangram_2, v_misc_5, ontoclasm_vaults_eye,
          nicolae_vaults_crenellated_ambush, nicolae_vaults_rhombus_7,
          minmay_crypt_entry_simple_box, v_misc_22, layout_vaults_big_room,
          serial_shops, shop
Vaults:4: ebering_ghost_rock_garden, nicolae_vaults_closet_pinwheel_6,
          nicolae_vaults_closet_pinwheel_5,
          nicolae_vaults_offset_grid_hallway_1, nicolae_vaults_two_Ls,
          nicolae_vaults_circle_grid_b, vaults_mumra_hex,
          vaults_room_semicircle, v_misc_10, nicolae_vaults_trapezoid_1,
          nicolae_vaults_circle_grid_a, kb_rosetta,
          nicolae_vaults_mini_display_case, grunt_vaults_bifocal,
          layout_vaults_maze_bifur, uniq_zenata
Crypt:1:  layout_basic, grunt_crypt_arrival_webbed
Crypt:2:  layout_misc_corridors
Crypt:3:  due_elkab, layout_chaotic_city, uniq_bai_suzhen

Skill      XL: |  1  2  3  4  5  6  7  8  9 10 11 12 13 14 15 16 17 18 19 20 21 22 |
---------------+-------------------------------------------------------------------+-----
Long Blades    | 3 4 6 7 8 10 11 12 13 14 15 16 17 18 | 18.2
Armour         | 2 3 4 5 6 7 8 9 10 11 | 11.1
Spellcasting   | 1 2 3 4 5 6 7 8 9 10 11 12 | 12.3
Conjurations   | 1 2 3 4 5 6 7 8 9 10 11 12 | 12.3
Hexes          | 1 2 3 4 5 6 7 8 9 10 11 12 | 12.3
Summonings     | 1 2 3 4 5 6 7 8 9 10 11 12 | 12.3
Necromancy     | 1 2 3 4 5 6 7 8 9 10 11 12 | 12.3
Translocations | 1 2 3 4 5 6 7 8 9 10 11 12 | 12.3
Transmutations | 1 2 3 4 5 6 7 8 9 10 11 12 | 12.3
Fire Magic     | 1 2 3 4 5 6 7 8 9 10 11 12 | 12.3
Ice Magic      | 1 2 3 4 5 6 7 8 9 10 11 12 | 12.3
Air Magic      | 1 2 3 4 5 6 7 8 9 10 11 12 | 12.3
Earth Magic    | 1 2 3 4 5 6 7 8 9 10 11 12 | 12.3
Poison Magic   | 1 2 3 4 5 6 7 8 9 10 11 12 | 12.3
Evocations     | 1 2 3 4 6 7 8 9 10 11 | 11.2
Stealth        | 1 |  1.3
Short Blades   | 2 |  2.8
Dodging        | 3 4 5 7 8 9 10 11 13 15 17 18 19 | 19.8
Fighting       | 4 5 6 7 8 9 10 11 12 13 14 15 16 | 16.5
Shields        | 3 5 6 8 9 11 12 13 14 15 | 15.9
Unarmed Combat | |  0.8

Action                     |  1- 3 |  4- 6 |  7- 9 | 10-12 | 13-15 | 16-18 | 19-21 | 22-24 || total
---------------------------+-------+-------+-------+-------+-------+-------+-------+-------++-------
  Melee: Falchion          |    67 |    81 |   282 |   151 |       |       |       |       ||   581
         Bite              |     1 |    21 |     9 |       |       |       |       |       ||    31
         Short sword       |       |    70 |    50 |       |       |       |       |       ||   120
         Punch             |       |     1 |     4 |     6 |       |       |       |       ||    11
         Unarmed           |       |       |     7 |     8 |       |       |       |       ||    15
         Long sword        |       |       |       |   563 |   702 |       |       |       ||  1265
         Scimitar          |       |       |       |       |   287 |   375 |       |       ||   662
         Double sword      |       |       |       |       |       |   408 |   901 |   495 ||  1804
         Peck              |       |       |       |       |       |   137 |   314 |   202 ||   653
   Cast: Call Imp          |       |       |     1 |    10 |     7 |     2 |     2 |     2 ||    24
         Fulminant Prism   |       |       |       |       |     3 |       |       |       ||     3
         Scorch            |       |       |       |       |     5 |       |       |       ||     5
         Summon Hydra      |       |       |       |       |       |       |       |     1 ||     1
  Evoke: Wand              |       |       |     2 |       |     1 |     2 |     2 |       ||     7
         Phial of floods   |       |       |     1 |       |       |       |       |       ||     1
    Use: Scroll            |     2 |       |     6 |     7 |    12 |    21 |     2 |       ||    50
         Potion            |     1 |       |     1 |     2 |     2 |     2 |       |     4 ||    12
   Stab: Sleeping          |       |     1 |     4 |     1 |       |       |     1 |       ||     7
         Invisible         |       |     3 |       |       |       |     3 |       |       ||     6
         Paralysed         |       |       |     1 |     5 |     3 |       |       |     1 ||    10
         Confused          |       |       |       |     3 |     1 |     5 |       |       ||     9
         Distracted        |       |       |       |     3 |     4 |     9 |    14 |     8 ||    38
         Held in net/web   |       |       |       |     1 |       |     1 |     1 |       ||     3
         Petrified         |       |       |       |       |     5 |     1 |       |     2 ||     8
         Petrifying        |       |       |       |       |     2 |       |       |       ||     2
 Armour: Leather armour    |    25 |    59 |    67 |       |       |       |       |       ||   151
         Ring mail         |       |       |    82 |   530 |   470 |   311 |   183 |    93 ||  1669
  Dodge: Dodged            |    29 |   108 |   226 |   663 |   655 |   423 |   322 |   197 ||  2623
  Block: Other             |       |       |     3 |       |       |       |       |       ||     3
         Buckler           |       |       |       |    82 |   627 |   808 |   660 |   259 ||  2436
         Reflection        |       |       |       |     1 |    57 |   134 |    90 |     7 ||   289

Table legend: (Time is in decaauts)
 A = Elapsed time spent in this place.
 B = Non-inter-level travel time spent in this place.
 C = Inter-level travel time spent in this place.
 D = Time resting spent in this place.
 E = Time spent auto-exploring this place.
 F = Levels seen in this place.
 G = Mean time per level.
                   A        B        C        D        E       F      G
               +--------+--------+--------+--------+--------+-----+--------+
         Total |  48268 |  45259 |   3009 |  13337 |  23150 |  42 | 1149.2 |
       Dungeon |  25205 |  23635 |   1570 |  10996 |   9497 |  15 | 1680.3 |
          Lair |   5525 |   5063 |    462 |    946 |   2965 |   5 | 1105.0 |
        Shoals |   3992 |   3813 |    179 |    437 |   2578 |   4 |  998.0 |
   Spider Nest |   3289 |   3087 |    202 |    103 |   2304 |   4 |  822.2 |
  Orcish Mines |   1424 |   1380 |     44 |    127 |    761 |   2 |  712.0 |
        Vaults |   4369 |   3966 |    403 |    406 |   2551 |   4 | 1092.2 |
         Crypt |   3162 |   3016 |    146 |    111 |   2153 |   3 | 1054.0 |
         Abyss |      0 |      0 |      0 |      0 |      0 |   1 |    0.0 |
         Trove |     43 |     43 |      0 |      0 |      0 |   1 |   43.0 |
       Ossuary |    211 |    211 |      0 |      0 |     99 |   1 |  211.0 |
      Ice Cave |    658 |    658 |      0 |    171 |    225 |   1 |  658.0 |
      Gauntlet |    385 |    385 |      0 |     39 |     17 |   1 |  385.0 |
               +--------+--------+--------+--------+--------+-----+--------+

Top non-repeatable levels by time:
     D:1: 10994 daAuts
    D:15: 1604 daAuts
Vaults:3: 1529 daAuts
     D:9: 1432 daAuts
 Crypt:3: 1425 daAuts
    D:14: 1422 daAuts
Spider:2: 1367 daAuts
Vaults:1: 1352 daAuts
Vaults:2: 1299 daAuts
    D:11: 1226 daAuts
     D:8: 1221 daAuts
     D:4: 1206 daAuts
  Lair:5: 1185 daAuts
Shoals:4: 1164 daAuts
  Lair:1: 1145 daAuts
